Description

Maru v Scarlett: Game 3 - Blackpink LE

Build Order

Get SALT Encoding   

  12  0:00  SCV  
  13  0:13  SCV  
  14  0:17  Supply Depot  
  14  0:25  SCV  
  15  0:39  SCV  
  15  0:41  Barracks  
  16  0:44  Refinery  
  16  0:51  SCV  
  17  1:03  SCV  
  18  1:15  SCV  
  19  1:27  Orbital Command  
  19  1:28  Reaper  
  20  1:40  Command Center  
  20  1:51  Barracks  
  20  1:53  SCV  
  21  2:02  Barracks Reactor  
  21  2:05  SCV  
  22  2:09  Supply Depot  
  22  2:18  SCV  
  23  2:24  Bunker  
  23  2:30  Factory  
  24  2:39  Marine x2  
  24  2:40  Refinery  
  24  2:43  Barracks Tech Lab  
  25  2:56  Marine x2  
  27  3:08  Marine  
  27  3:12  Stimpack  
  28  3:17  Marine x2  
  29  3:26  Marine  
  31  3:34  Marine  
  31  3:36  Orbital Command  
  33  3:48  Starport  
  33  3:50  Factory Reactor  
  33  3:53  Marine  
  38  4:12  Supply Depot  
  44  4:33  Medivac x2  
  44  4:35  Supply Depot  
  44  4:37  Factory Tech Lab  
  52  4:52  Engineering Bay  
  55  5:00  Supply Depot  
  57  5:12  Barracks, Combat Shields  
  60  5:18  Engineering Bay  
  60  5:27  Terran Infantry Weapons Level 1  
  65  5:37  Siege Tank  
  70  5:53  Terran Infantry Armor Level 1  
  71  6:09  Barracks Reactor  
  62  6:11  Command Center  
  62  6:16  Medivac  
  66  6:18  Refinery x2  
  69  6:29  Medivac  
  70  6:53  Armory  
  77  7:07  Medivac x2  
  86  7:17  Siege Tank  
  86  7:18  Barracks x2  
  91  7:24  Orbital Command  
  96  7:37  Medivac  
  96  7:43  Medivac  
  102  7:48  Orbital Command  
  109  8:12  Medivac  
  108  8:14  Barracks Reactor x2  
  108  8:17  Siege Tank  
Spawning Tool Build Advisor. Get it on Overwolf

Go to:

Details

  • Created by: Artur
  • Published on: Apr 20, 2018
  • Modified on: Apr 20, 2018
  • Patch: 4.0.0
Show
View Real Time Build Order
Export as new Build Order

Comments (0)

There are no comments. Be the first!

Create an account to comment!